 Dungeon Crawl Stone Soup version 0.26-a0-639-g72c4674329 (webtiles) character file.

Game seed: 15304689551569299756

2411 Colgate the Destroyer (level 9, -5/34 HPs)
             Began as a Felid Fire Elementalist on Sept 15, 2020.
             Was a High Priest of Qazlal.
             Slain by a bullfrog (7 damage)
             ... summoned by a boggart
             ... on level 9 of the Dungeon.
             The game lasted 01:23:34 (12928 turns).

Colgate the Destroyer (Felid Fire Elementalist)    Turns: 12928, Time: 01:23:35

Health: -5/34      AC:  2    Str:  4    XL:     9   Next: 23%
Magic:  12/28      EV: 18    Int: 26    God:    Qazlal [*****.]
Gold:   453        SH:  6    Dex: 16    Spells: 7/20 levels left
                                        Lives:  0   Deaths: 2

rFire    . . .     SeeInvis +     - Unarmed
rCold    . . .     Faith    +   (shield unavailable)
rNeg     . . .     Spirit   .   (armour unavailable)
rPois    .         Reflect  .   (helmet unavailable)
rElec    .         Harm     .   (cloak unavailable)
rCorr    .         Rampage  .   (gloves unavailable)
MR       +....                  (boots unavailable)
Stlth    +.........             o - amulet of faith
HPRegen  0.11/turn              C - ring of magical power
MPRegen  0.21/turn              w - +6 ring of intelligence

@: repel missiles, quick
A: very small, no armour, no weapons or thrown items, stealth, claws 1, fangs 3,
see invisible, speed 1, shaggy fur 2, sharp paws
a: Upheaval, Elemental Force, Disaster Area, Renounce Religion


You were on level 9 of the Dungeon.
You worshipped Qazlal.
Qazlal was extremely pleased with you.
You visited 2 branches of the dungeon, and saw 10 of its levels.
You also visited: Sewer and Ossuary.

You collected 693 gold pieces.
You spent 240 gold pieces at shops.

Inventory:

Jewellery
 k - an uncursed ring of flight
 o - an amulet of faith (around neck)
 q - an uncursed ring of protection from fire
 w - a +6 ring of intelligence (right paw)
 B - an uncursed ring of protection from fire
 C - a ring of magical power (left paw)
Wands
 n - a wand of enslavement (10)
Scrolls
 a - a scroll of enchant armour
 d - 5 scrolls of remove curse
 e - a scroll of immolation
 f - 3 scrolls of teleportation
 g - a scroll of blinking
 s - 2 scrolls of magic mapping
 y - a scroll of fog
 z - a scroll of amnesia
 A - a scroll of identify
Potions
 b - 3 potions of stabbing {unknown}
 c - 3 potions of flight
 h - 8 potions of heal wounds
 i - 2 potions of berserk rage {unknown}
 j - 3 potions of lignification {unknown}
 l - 5 potions of curing
 m - a potion of invisibility {unknown}
 p - a potion of resistance {unknown}
 r - 2 potions of brilliance {unknown}
 t - 2 potions of mutation {unknown}
 u - a potion of degeneration {unknown}
 v - 3 potions of might
 x - a potion of haste


   Skills:
 - Level 2.6 Dodging
 - Level 2.6 Stealth
 - Level 1.0 Unarmed Combat
 - Level 6.4 Spellcasting
 + Level 8.7 Conjurations
 - Level 2.0 Hexes
 - Level 8.0 Fire Magic


You had 7 spell levels left.
You knew the following spells:

 Your Spells              Type           Power        Failure   Level
a - Foxfire               Conj/Fire      ####         1%          1
b - Sticky Flame          Conj/Fire      ######..     1%          4
c - Inner Flame           Hex/Fire       ####....     2%          3
d - Fireball              Conj/Fire      ######....   6%          5

Your spell library contained the following spells:

 Spells                   Type           Power        Failure   Level
 Conjure Flame            Conj/Fire      ######..     1%          3


Dungeon Overview and Level Annotations

Branches:
Dungeon (9/15)             Temple (1/1) D:6           Sewer (visited)
Ossuary (visited)
   Lair: D:8-11         Orc: D:9-12

Altars:
Dithmenos
Hepliaklqana
Kikubaaqudgha
Okawaru
Qazlal
Uskayaw
Vehumet
Xom

Shops:
D:5 [   D:8 =

Annotations:
D:4 Ijyb


Innate Abilities, Weirdness & Mutations

You cannot wear armour.
You are incapable of wielding weapons or throwing items.
Your paws allow you to move quietly. (Stealth)
You have sharp claws.
You have razor-sharp teeth.
You have supernaturally acute eyesight. (SInv)
You cover ground quickly.
You are covered in thick fur. (AC +2)
Your sharp claws are effective at attacking unaware monsters.


Message History

The quokka dies!
The quokka's corpse dissolves into shadows!
The worker ant closely misses you.
The bullfrog snags a nearby mouse with its tongue.
The bullfrog misses you.
Your fire elemental disappears in a puff of smoke!
Okay, then.
You block the worker ant's attack.
The centaur shoots an arrow.
You block the arrow.
The arrow dissolves into shadows!
The boggart casts a spell.
The bullfrog hits you.
* * * LOW HITPOINT WARNING * * *
The centaur shoots an arrow.
The arrow closely misses you.
The arrow dissolves into shadows!
The bullfrog is struck by lightning.
The boggart gestures wildly while chanting.
The centaur shoots an arrow.
You block the arrow.
The arrow dissolves into shadows!
The bullfrog hits you!
You die...

#)..# # # # # # #
###+##############
##...g...........#
.........oa..T..@#
.....#...gg..c°°F#
...g.#...(.....§○#
###'##....O$...§a#
ooo..........°...#
.g.†......########
..°.......+
..........#
.##########


You could see a troll (summoned), an ogre (summoned), a bullfrog (summoned), a
centaur (summoned), 2 boggarts, 2 worker ants and an orc (summoned).

Vanquished Creatures
  A hippogriff (D:7)
  The ghost of soark the Chiller, an amateur DEIE of Vehumet (D:4)
  2 orc warriors
  An ice beast (D:5)
  3 sky beasts
  An ogre (D:7)
  A boggart (D:9)
  2 centaurs
  4 big kobolds (Sewer)
  3 bullfrogs
  3 scorpions
  3 killer bees (D:8)
  10 wights (D:6)
  6 howler monkeys
  A bullfrog zombie (D:6)
  5 hounds
  2 jellies (D:6)
  6 orc priests
  An iguana (D:4)
  5 orc wizards
  5 worker ants
  A big kobold zombie (Ossuary)
  A hound skeleton (D:6)
  8 mummies (Ossuary)
  11 gnolls
  8 adders
  A river rat (D:6)
  2 ufetubi (D:6)
  An ooze (D:2)
  An adder skeleton (D:4)
  An adder zombie (D:6)
  3 dart slugs
  A leopard gecko (D:1)
  26 orcs
  5 ball pythons
  14 bats
  9 giant cockroaches
  14 goblins
  12 hobgoblins
  7 jackals
  3 quokkas
  A ball python zombie (D:5)
  10 frilled lizards
  2 gnoll zombies (Ossuary)
  2 hobgoblin zombies (Ossuary)
  21 kobolds
  A kobold zombie (Ossuary)
  A leopard gecko skeleton (D:8)
  A leopard gecko zombie (D:7)
  2 orc zombies (Ossuary)
  2 quokka skeletons
  A quokka zombie (D:4)
  15 rats
  A rat zombie (D:4)
  6 foxfires
261 creatures vanquished.

Vanquished Creatures (collateral kills)
  A hound (D:9)
  3 foxfires (Sewer)
4 creatures vanquished.

Vanquished Creatures (others)
  776 foxfires
  6 plants (Sewer)
782 creatures vanquished.

Grand Total: 1047 creatures vanquished

Notes
Turn   | Place    | Note
-------+----------+-------------------------------------------
     0 | D:1      | Colgate the Felid Fire Elementalist began the quest for the
                  | Orb.
     0 | D:1      | Reached XP level 1. HP: 7/7 MP: 4/4
   305 | D:1      | Reached XP level 2. HP: 10/11 MP: 3/6
   838 | D:1      | Reached XP level 3. HP: 14/14 MP: 0/7
  1285 | D:2      | Reached skill level 1 in Conjurations
  1434 | D:2      | Found a stormy altar of Qazlal.
  1442 | D:2      | Became a worshipper of Qazlal Stormbringer
  1739 | D:2      | Reached XP level 4. HP: 18/18 MP: 3/8
  2653 | D:3      | Reached skill level 5 in Fire Magic
  2653 | D:3      | Reached XP level 5. HP: 21/21 MP: 5/9
  2659 | D:3      | Learned a level 3 spell: Conjure Flame
  2663 | D:3      | Learned a level 3 spell: Inner Flame
  3108 | D:3      | Reached * piety under Qazlal
  3348 | D:3      | Found a hazy altar of Hepliaklqana.
  3827 | D:4      | Found a sand-covered staircase.
  3834 | Ossuary  | Entered an ossuary
  4227 | Ossuary  | Reached skill level 1 in Unarmed Combat
  4227 | Ossuary  | Gained mutation: You are covered in thick fur. (AC +2)
                  | [Felid growth]
  4227 | Ossuary  | Reached XP level 6. HP: 24/24 MP: 0/10
  4270 | Ossuary  | Reached ** piety under Qazlal
  4803 | D:4      | Noticed Ijyb
  4820 | D:4      | Killed from afar by Ijyb
  4821 | D:4      | Reached XP level 5. HP: -4/21 MP: 8/9
  5306 | D:4      | Reached XP level 6. HP: 24/24 MP: 5/10
  5574 | D:4      | Noticed a sky beast
  5593 | D:4      | Killed a sky beast
  5641 | D:4      | Found a runed translucent door.
  5643 | D:4      | Noticed soark's ghost (amateur DEIE)
  5651 | D:4      | Killed soark's ghost
  5651 | D:4      | Reached XP level 7. HP: 27/27 MP: 7/13
  5738 | D:5      | Entered Level 5 of the Dungeon
  5894 | D:5      | Found a shimmering altar of Xom.
  6431 | D:5      | Learned a level 4 spell: Sticky Flame
  6568 | D:5      | Found Ciwimara's Armour Shop.
  6950 | D:6      | Reached *** piety under Qazlal
  6956 | D:6      | Found a glowing drain.
  7011 | Sewer    | Entered a sewer
  7176 | Sewer    | Reached XP level 8. HP: 31/31 MP: 0/15
  7727 | D:6      | Reached **** piety under Qazlal
  7731 | D:6      | Reached skill level 5 in Spellcasting
  8010 | D:5      | Reached skill level 5 in Conjurations
  8901 | D:6      | Reached XP level 9. HP: 34/34 MP: 11/19
  8909 | D:6      | Learned a level 5 spell: Fireball
  9230 | D:6      | Found a staircase to the Ecumenical Temple.
  9322 | Temple   | Entered the Ecumenical Temple
  9737 | D:6      | Found an iron altar of Okawaru.
  9910 | D:6      | Found an iron altar of Okawaru.
 10539 | D:7      | HP: 1/34 [scorpion (5)]
 10540 | D:7      | Succumbed to a scorpion's poison
 10541 | D:7      | Reached XP level 8. HP: 0/31 MP: 3/18
 11214 | D:7      | Reached ***** piety under Qazlal
 12139 | D:8      | Reached XP level 9. HP: 34/34 MP: 12/19
 12370 | D:8      | Found a hide-covered altar of Uskayaw.
 12398 | D:8      | Found a radiant altar of Vehumet.
 12401 | D:8      | Found a shadowy altar of Dithmenos.
 12404 | D:8      | Found an ancient bone altar of Kikubaaqudgha.
 12673 | D:8      | Found Cyofiladgh's Jewellery Emporium.
 12703 | D:8      | Bought an uncursed ring of magical power for 240 gold
                  | pieces
 12913 | D:9      | Noticed a troll
 12928 | D:9      | Slain by a bullfrog

Illustrated notes

Levels and vault maps discovered:
D:1:      dpeg_arrival_signposts, layout_basic
D:2:      layout_basic, grunt_qazlal_sundering, serial_corexii_hall,
          chequers_hall_statues_y, chequers_hall_statues_corner_a,
          chequers_hall_statues_y, corexii_hall_statues_t
D:3:      lemuel_upstairs_altar, layout_loops_ring, old_standard_altar
D:4:      kennysheep_the_goblin_king, layout_loops_cross,
          ebering_ghost_reflecting_pool, enter_ossuary_4, sigmund_army,
          uniq_ijyb
D:5:      layout_basic, basic_altar, serial_shops, nicolae_shop_crystal
D:6:      layout_cave_pools, kennysheep_little_box,
          minmay_temple_entry_sparse_star, portal_sewer_entry_e, okawaru_trees_1
D:7:      layout_basic, feat_on_display
D:8:      layout_basic, grunt_temple_overflow_cloverleaf, serial_shops,
          nicolae_shop_statue_plus
D:9:      layout_gridville, kennysheep_mini, cheibrodos_worm_habitat,
          serial_shops, nicolae_shop_waterfront
Temple:   oiseaux_autumnal_temple

Skill      XL: |  1  2  3  4  5  6  7  8  9 |
---------------+----------------------------+-----
Fire Magic     | 3 4 5 7 8 |  8.0
Conjurations   | 1 2 3 8 6 |  8.7
Unarmed Combat | 1 |  1.0
Spellcasting   | 3 4 6 |  6.4
Hexes          | 2 |  2.0
Dodging        | |  2.6
Stealth        | |  2.6

Action                   |  1- 3 |  4- 6 |  7- 9 || total
-------------------------+-------+-------+-------++-------
Melee: Unarmed           |    19 |    41 |    21 ||    81
       Bite              |     3 |     3 |     2 ||     8
 Cast: Foxfire           |    86 |   203 |   170 ||   459
       Conjure Flame     |       |     3 |       ||     3
       Inner Flame       |       |     3 |    14 ||    17
       Sticky Flame      |       |       |    21 ||    21
       Fireball          |       |       |    46 ||    46
Invok: Elemental Force   |       |       |     1 ||     1
  Use: Scroll            |       |    10 |     5 ||    15
 Stab: Sleeping          |     3 |       |       ||     3
Armor: Skin              |     4 |     1 |     5 ||    10
Dodge: Dodged            |    33 |    47 |    90 ||   170
Block: Other             |       |     2 |    26 ||    28

Table legend: (Time is in decaauts)
 A = Elapsed time spent in this place.
 B = Non-inter-level travel time spent in this place.
 C = Inter-level travel time spent in this place.
 D = Time resting spent in this place.
 E = Time spent auto-exploring this place.
 F = Levels seen in this place.
 G = Mean time per level.
                   A        B        C        D        E       F      G
               +--------+--------+--------+--------+--------+-----+--------+
         Total |  11743 |  11136 |    607 |    649 |   8541 |  12 |  978.6 |
       Dungeon |  10324 |   9717 |    607 |    444 |   7707 |   9 | 1147.1 |
        Temple |    206 |    206 |      0 |    205 |      0 |   1 |  206.0 |
         Sewer |    622 |    622 |      0 |      0 |    522 |   1 |  622.0 |
       Ossuary |    588 |    588 |      0 |      0 |    312 |   1 |  588.0 |
               +--------+--------+--------+--------+--------+-----+--------+

Top non-repeatable levels by time:
     D:5: 2176 daAuts
     D:7: 1546 daAuts
     D:4: 1248 daAuts
     D:2: 1237 daAuts
     D:1: 1148 daAuts
     D:6: 1010 daAuts
     D:3: 981 daAuts
     D:8: 910 daAuts
   Sewer: 622 daAuts
 Ossuary: 588 daAuts
  Temple: 206 daAuts
     D:9: 65 daAuts
